 Dungeon Crawl Stone Soup version 0.19-a0-1008-g4c63d25 (webtiles) character file.

32 AlphabetPasta the Magician (level 3, -3/24 HPs)
             Began as a Merfolk Wizard on July 22, 2016.
             Killed from afar by Natasha (7 damage)
             ... with a magic dart
             ... on level 3 of the Dungeon.
             The game lasted 00:07:21 (1913 turns).

AlphabetPasta the Magician (Merfolk Wizard)         Turns: 1913, Time: 00:07:22

Health: -3/24      AC:  2    Str:  7    XL:     3   Next: 27%
Magic:  0/8        EV: 13    Int: 18    God:
Gold:   47         SH:  0    Dex: 12    Spells: 4 memorised, 2 levels left

rFire  . . .     SeeInvis .     (no weapon)
rCold  . . .     Gourm    .     a - +0 robe
rNeg   . . .     Faith    .     (no shield)
rPois  .         Spirit   .     b - +0 hat
rElec  .         Dismiss  .     (no cloak)
rCorr  .         Reflect  .     (no gloves)
SustAt .         Harm     .     (no boots)
MR     .....                    (no amulet)
Stlth  ++........               (no ring)
                                (no ring)

@: very slightly contaminated, slowed, very slow, not resistant to hostile
enchantments, unstealthy
A: change form in water, swift swim
a: no special abilities


You were on level 3 of the Dungeon.
You were not hungry.

You visited 1 branch of the dungeon, and saw 3 of its levels.

You collected 47 gold pieces.

Inventory:

Armour
 a - a +0 robe (worn)
 b - a +0 hat (worn)
Scrolls
 h - 4 scrolls of teleportation {unknown}
 i - 2 scrolls of enchant armour {unknown}
 j - 6 scrolls of identify {unknown}
 n - a scroll of remove curse {unknown}
Potions
 e - a potion of curing
 g - a potion of might {unknown}
 k - a potion of haste {unknown}
 l - a potion of cancellation {unknown}
Books
 c - a book of Minor Magic

   Spells                             Type                      Level
   a - Magic Dart                     Conjuration                  1
   b - Blink                          Translocation                2
   c - Call Imp                       Summoning                    2
   d - Repel Missiles                 Charms/Air                   2
   e - Slow                           Hexes                        2
   f - Conjure Flame                  Conjuration/Fire             3
   g - Mephitic Cloud                 Conjuration/Poison/Air       3
Comestibles
 d - 2 bread rations
 f - a slice of pizza
 o - a meat ration


   Skills:
 + Level 3.1 Dodging
 - Level 2.1 Stealth
 * Level 3.5 Spellcasting
 + Level 1.5 Conjurations
 + Level 0.2 Charms
 - Level 1.0 Summonings
 - Level 0.7 Translocations


You had 2 spell levels left.
You knew the following spells:

 Your Spells              Type           Power        Failure   Level  Hunger
a - Magic Dart            Conj           #...         12%         1    None
b - Blink                 Tloc           N/A          17%         2    ##.....
c - Call Imp              Summ           #.......     17%         2    ##.....
d - Repel Missiles        Chrm/Air       #.....       28%         2    ##.....


Dungeon Overview and Level Annotations

Branches:
Dungeon (3/15)

Altars:

Annotations:
D:3 Natasha


Message History

The white imp gestures at you.
The puff of frost is repelled.
You feel less protected from missiles.
Natasha stares at you and mumbles some strange words.
The magic dart hits you! The white imp barely misses you.
Casting: Magic Dart
Confirm with . or Enter, or press ? or * to list all spells.
Aiming: Magic Dart
Press: ? - help, Shift-Dir - straight line, f/p - Natasha
Aim: Natasha (almost dead)
The magic dart hits Natasha.
Natasha is almost dead.
Natasha claws you!
* * * LOW HITPOINT WARNING * * *
The white imp misses you.
You closely miss Natasha.
Natasha is almost dead.
Natasha stares at you and mumbles some strange words.
The magic dart hits you!
You die...

. # .#.##.##.#
.#.......# .##.#.#.# .
.##.#...### #.
######........... #.###
#.....# #.(#..##.
.....###.....###).......
#.#...##........@h..5...
#...#.##.....###.5..#...
......##.....# #........
#...<...###### #.#.#...#
.....##.# #.#.#..?#
.....##.# #.... ..#
..#.###.# #####. ##
....###.# .# ........#


You could see Natasha, a crimson imp and a white imp.

Vanquished Creatures
  3 giant geckos
  An orc (D:3)
  A giant cockroach (D:1)
  2 goblins (D:1)
  3 hobgoblins
  4 kobolds
  A quokka (D:2)
  6 bats
  2 giant newts (D:1)
  3 rats
26 creatures vanquished.

Notes
Turn   | Place    | Note
-------+----------+-------------------------------------------
     0 | D:1      | AlphabetPasta the Merfolk Wizard began the quest for the Orb.
     0 | D:1      | Reached XP level 1. HP: 13/13 MP: 4/4
    53 | D:1      | Reached skill level 1 in Conjurations
   305 | D:1      | Reached XP level 2. HP: 11/19 MP: 0/6
   566 | D:1      | Learned a level 2 spell: Blink
   569 | D:1      | Learned a level 2 spell: Call Imp
   572 | D:1      | Learned a level 2 spell: Repel Missiles
  1294 | D:2      | Reached XP level 3. HP: 24/24 MP: 3/7
  1877 | D:3      | Noticed Natasha
  1913 | D:3      | Killed from afar by Natasha

Vault maps used:
D:1:      dpeg_arrival_tiny_d
D:2:      first_bread, hangedman_decor_growths
D:3:      xom_redecorated, uniq_natasha

Skill      XL: |  1  2 |
---------------+-------+-----
Conjurations   | 1 |  1.5
Dodging        | 3 |  3.1
Stealth        | |  2.1
Spellcasting   | |  3.5
Charms         | |  0.2
Summonings     | |  1.0
Translocations | |  0.7

Action                   || total
-------------------------++-------
Melee: Unarmed           ||    54
 Cast: Magic Dart        ||    69
       Repel Missiles    ||     1
  Eat: Chunk             ||     3
Armor: Robe              ||    16
Dodge: Dodged            ||    65
       Deflected         ||     1
